 Dungeon Crawl Stone Soup version 0.30-a0-1114-gd936c97349 (webtiles) character file.

Game seed: 16509859668954506837

55 themarg the Firebug (level 3, 0/29 HPs)
             Began as a Demonspawn Cinder Acolyte on Apr 20, 2023.
             Was a High Priest of Ignis.
             Slain by an orc wizard
             ... wielding a +0 dagger
              (3 damage)
             ... on level 3 of the Dungeon.
             The game lasted 00:04:01 (2318 turns).

themarg the Firebug (Demonspawn Cinder Acolyte)     Turns: 2318, Time: 00:04:02

Health: 0/29       AC:  4    Str: 14    XL:     3   Next: 67%
Magic:  2/6        EV: 11    Int: 17    God:    Ignis [*****.]
Gold:   99         SH:  0    Dex:  8    Spells: 4/6 levels left

rFire   + . .      SeeInvis .    w - +0 short sword (drain)
rCold   . . .      Faith    .    (no shield)
rNeg    . . .      Spirit   .    b - +0 robe
rPois   .          Reflect  .    (helmet restricted)
rElec   .          Rampage  .    (no cloak)
rCorr   .                        q - +0 pair of gloves
Will    .....                    e - +0 pair of boots
Stlth   +                        (no amulet)
HPRegen 0.24/turn                (no ring)
MPRegen 0.10/turn                (no ring)

@: confused
A: antennae 1, weakness stinger 1
a: Renounce Religion, Fiery Armour, Foxfire Swarm, Rising Flame


You were on level 3 of the Dungeon.
You worshipped Ignis.
Ignis was extremely pleased with you.
You visited 1 branch of the dungeon, and saw 3 of its levels.

You collected 99 gold pieces.

Inventory:

Hand Weapons
 a - a -1 mace of flaming
 w - a +0 short sword of draining (weapon)
Missiles
 j - 17 stones (quivered)
 n - 4 poisoned darts
Armour
 b - a +0 robe (worn)
 e - a +0 pair of boots (worn)
 q - a +0 pair of gloves (worn)
Jewellery
 l - a ring of positive energy
 p - a ring of magical power
Scrolls
 c - a scroll of fog {unknown}
 f - 2 scrolls of fear {unknown}
 h - 3 scrolls of teleportation {unknown}
 i - a scroll of identify {unknown}
 k - 2 scrolls of silence {unknown}
 o - a scroll of summoning {unknown}
 r - a scroll of poison {unknown}
 t - 2 scrolls of noise {unknown}
Potions
 d - a potion of curing
 g - a potion of mutation {unknown}
 m - a potion of flight {unknown}
 s - a potion of lignification {unknown}
 u - a potion of heal wounds {unknown}
 v - 3 potions of might {unknown}


   Skills:
 - Level 3.0 Fighting
 - Level 2.6 Maces & Flails
 + Level 1.8 Stealth
 - Level 2.0 Spellcasting
 + Level 3.3 Fire Magic


You had 4 spell levels left.
You knew the following spells:

 Your Spells              Type           Power      Damage    Failure   Level
a - Scorch                Fire           24%        2d6       8%          2

Your spell library contained the following spells:

 Spells                   Type           Power      Damage    Failure   Level


Dungeon Overview and Level Annotations

Branches:
Dungeon (3/15)

Altars:


Innate Abilities, Weirdness & Mutations

You have a pair of small antennae on your head.
You have a small tail.


Message History

The adder attacks as you move away! The adder bites you but does no damage.
The orc wizard points at you and mumbles some strange words.
You are confused.
The adder bites you.
You bump into the rock wall.
The adder is no longer more vulnerable to fire.
The adder closely misses you. The adder bites you.
You are poisoned.
The adder poisons you!
You bump into the rock wall.
You feel sick. The adder barely misses you. The orc closely misses you.
An orc comes into view. It is wielding a +0 mace.
It was a potion of curing.
You feel better. The adder bites you. The adder barely misses you.
The orc barely misses you.
Okay, then.
The adder barely misses you. The orc hits you with a +0 hand axe.
The orc wizard points at you and mumbles some strange words.
You are confused.
The adder bites you but does no damage. The orc barely misses you.
The adder bites you but does no damage. The adder closely misses you.
The orc hits you but does no damage.
The orc wizard points at you and mumbles some strange words.
You resist with significant effort. The adder bites you but does no damage.
The orc closely misses you. The orc wizard casts a spell at you.
You are more confused.
The adder closely misses you. The orc closely misses you.
The orc wizard hits you with a +0 dagger.
The adder misses you. The adder bites you. The orc hits you with a +0 hand axe.
The orc wizard misses you. The orc hits you with a +0 mace.
* * * LOW HITPOINT WARNING * * *
The adder bites you but does no damage. The orc barely misses you.
The orc wizard hits you with a +0 dagger.
* * * LOW HITPOINT WARNING * * *
The orc completely misses you. The adder misses you.
The orc hits you with a +0 hand axe.
* * * LOW HITPOINT WARNING * * *
The orc wizard hits you with a +0 dagger.
You die...

####.##.....
...........
#..........
##....$.....
#...........
#...........
+.......#
######.ooS...#
.......<@o...#
##########...#
...# ...# ...#
####


You could see an orc wizard, an adder and 2 orcs.

Vanquished Creatures
  An adder (D:2)
  2 worms (D:2)
  A dart slug (D:1)
  4 ball pythons
  5 bats
  2 endoplasms (D:2)
  2 giant cockroaches
  2 goblins (D:1)
  5 hobgoblins
  3 kobolds (D:2)
  A quokka (D:2)
  3 frilled lizards (D:2)
  4 rats
35 creatures vanquished.

Notes
Turn   | Place    | Note
-------+----------+-------------------------------------------
     0 | D:1      | themarg the Demonspawn Cinder Acolyte began the quest for
                  | the Orb.
     0 | D:1      | Reached XP level 1. HP: 18/18 MP: 2/2
   160 | D:1      | Discovered your monstrous ancestry.
   160 | D:1      | Gained mutation: You have a small tail. [demonic ancestry]
   160 | D:1      | Reached XP level 2. HP: 22/24 MP: 4/4
   163 | D:1      | Learned a level 2 spell: Scorch
   330 | D:1      | Reached skill level 1 in Stealth
  1360 | D:2      | Gained mutation: You have a pair of small antennae on your
                  | head. [demonic ancestry]
  1360 | D:2      | Reached XP level 3. HP: 29/29 MP: 0/5
  2318 | D:3      | Slain by an orc wizard

Illustrated notes

Levels and vault maps discovered:
D:1:      minmay_arrival_checkered_box, layout_basic, roderic_roman_lattice,
          skrybe_limestone_x
D:2:      layout_basic
D:3:      layout_basic, basic_ecumenical_altar, uniq_terence

Skill      XL: |  1  2  3 |
---------------+----------+-----
Stealth        | 1 |  1.8
Fire Magic     | 3 |  3.3
Spellcasting   | 2 |  2.0
Fighting       | |  3.0
Maces & Flails | |  2.6

Action                     || total
---------------------------++-------
  Melee: Mace              ||    35
         Tailslap          ||     3
         Short sword       ||     4
   Cast: Scorch            ||    31
 Invoke: Fiery Armour      ||     2
    Use: Potion            ||     1
 Armour: Robe              ||    24
  Dodge: Dodged            ||    46

Table legend: (Time is in decaauts)
 A = Elapsed time spent in this place.
 B = Non-inter-level travel time spent in this place.
 C = Inter-level travel time spent in this place.
 D = Time resting spent in this place.
 E = Time spent auto-exploring this place.
 F = Levels seen in this place.
 G = Mean time per level.
                   A        B        C        D        E       F      G
               +--------+--------+--------+--------+--------+-----+--------+
         Total |   2325 |   2278 |     47 |     36 |   1943 |   3 |  775.0 |
       Dungeon |   2325 |   2278 |     47 |     36 |   1943 |   3 |  775.0 |
               +--------+--------+--------+--------+--------+-----+--------+

Top non-repeatable levels by time:
     D:2: 1370 daAuts
     D:1: 934 daAuts
     D:3: 21 daAuts
